 Dungeon Crawl Stone Soup version 0.27-a0-836-gfc908b8576 (webtiles) character file.

Game seed: 12631348754580768273

6 rageheart7 the Charlatan (level 1, 0/10 HPs)
             Began as a Spriggan Artificer on Mar 31, 2021.
             Slain by a quokka (4 damage)
             ... on level 1 of the Dungeon.
             The game lasted 00:00:42 (508 turns).

rageheart7 the Charlatan (Spriggan Artificer)        Turns: 508, Time: 00:00:43

Health: 0/10       AC:  2    Str:  8    XL:     1   Next: 75%
Magic:  2/2        EV: 17    Int: 12    God:
Gold:   32         SH:  0    Dex: 15    Spells: 0/0 levels left

rFire    . . .     SeeInvis +   k - +0 dagger
rCold    . . .     Faith    .   (shield restricted)
rNeg     . . .     Spirit   .   b - +0 robe
rPois    .         Reflect  .   (helmet restricted)
rElec    .         Harm     .   (no cloak)
rCorr    .         Rampage  .   (gloves unavailable)
Will     .....                  (boots unavailable)
Stlth    ++........             (no amulet)
HPRegen  0.03/turn              (no ring)
MPRegen  0.08/turn              (no ring)

@: very quick
A: very small, no large weapons, unfitting armour, see invisible, speed 3
a: no special abilities


You were on level 1 of the Dungeon.
You visited 1 branch of the dungeon, and saw 1 of its levels.

You collected 32 gold pieces.

Inventory:

Hand Weapons
 k - a +0 dagger (weapon)
Armour
 b - a +0 robe (worn)
Wands
 c - a wand of flame (14) (quivered)
 d - a wand of charming (15)
 e - a wand of random effects (15)
Scrolls
 f - a scroll of immolation {unknown}
 g - a scroll of summoning {unknown}
 h - a scroll of fog {unknown}
 i - a scroll of identify {unknown}
Potions
 j - a potion of might {unknown}


   Skills:
 * Level 1.3 Fighting
 * Level 0.5 Short Blades
 - Level 3.2 Dodging
 - Level 1.5 Stealth
 - Level 4.0 Evocations


You couldn't memorise any spells.
You didn't know any spells.
Your spell library was empty.

Dungeon Overview and Level Annotations

Branches:
Dungeon (1/15)

Altars:


Innate Abilities, Weirdness & Mutations

You are very small and have problems with some larger weapons.
You are too small for most types of armour.
You have supernaturally acute eyesight. (SInv)
You cover ground extremely quickly. (Speed+++)


Message History

You kill the kobold!
No target in view!
No target in view!
Things that are here:
a +0 dagger; a kobold corpse You now have 32 gold pieces (gained 12).
Found an escape hatch in the floor.
A bat comes into view.
A bat is nearby!
A bat is nearby!
A quokka comes into view.
The helpless bat fails to defend itself.
You puncture the bat!
You kill the bat!
Found 9 gold pieces.
You see here a bat corpse.
You closely miss the quokka. The quokka bites you.
You hit the quokka.
The quokka is moderately wounded.
The quokka closely misses you.
You barely miss the quokka.
The quokka is moderately wounded.
The quokka bites you.
You are too injured to fight recklessly!
You are too injured to fight recklessly!
You are too injured to fight recklessly!
You barely miss the quokka.
The quokka is moderately wounded.
The quokka barely misses you. The quokka closely misses you.
You barely miss the quokka.
The quokka is moderately wounded.
The quokka barely misses you.
You closely miss the quokka.
The quokka is moderately wounded.
The quokka completely misses you.
You barely miss the quokka.
The quokka is moderately wounded.
The quokka twitches its whiskers.
The quokka bites you.
You die...

#.# #.# #.#
#.# # #># #.#
. #.# #.# #.#
#.#
#.###.######
#..###.##$.#
#.#.....##r#
#..#####.#@#
#..# #...#
#..# #.#.#
#..####.###..
#.......#
#..# ###
#...###.#
#.!. (.#
#...####
######.#
#....# ..#.#
#....#
#.#.#######


You could see a quokka.

Vanquished Creatures
  A hobgoblin (D:1)
  2 bats (D:1)
  A goblin (D:1)
  2 kobolds (D:1)
6 creatures vanquished.

Notes
Turn   | Place    | Note
-------+----------+-------------------------------------------
     0 | D:1      | rageheart7 the Spriggan Artificer began the quest for the
                  | Orb.
     0 | D:1      | Reached XP level 1. HP: 9/9 MP: 2/2
   177 | D:1      | Reached skill level 1 in Fighting
   508 | D:1      | Slain by a quokka

Illustrated notes

Levels and vault maps discovered:
D:1:      moated_graveyard_arrival, layout_loops_ring, minmay_cut_off

Skill      XL: |  1 |
---------------+----+-----
Fighting       | 1 |  1.3
Short Blades   | |  0.5
Dodging        | |  3.2
Stealth        | |  1.5
Evocations     | |  4.0

Action                   || total
-------------------------++-------
Melee: Dagger            ||    12
       Club              ||    10
Evoke: Wand              ||     1
 Stab: Sleeping          ||     1
Armor: Robe              ||     5
Dodge: Dodged            ||    13

Table legend: (Time is in decaauts)
 A = Elapsed time spent in this place.
 B = Non-inter-level travel time spent in this place.
 C = Inter-level travel time spent in this place.
 D = Time resting spent in this place.
 E = Time spent auto-exploring this place.
 F = Levels seen in this place.
 G = Mean time per level.
                   A        B        C        D        E       F      G
               +--------+--------+--------+--------+--------+-----+--------+
         Total |    378 |    369 |      9 |      0 |    322 |   1 |  378.0 |
       Dungeon |    378 |    369 |      9 |      0 |    322 |   1 |  378.0 |
               +--------+--------+--------+--------+--------+-----+--------+

Top non-repeatable levels by time:
     D:1: 378 daAuts
